 Dungeon Crawl Stone Soup version 0.30-a0-748-ge6a52f7cba (webtiles) character file.

Game seed: 11614973165541131427

157123 BigDaddyOpFi the Tortoise (level 17, -9/142 HPs)
             Began as an Armataur Fighter on Feb 8, 2023.
             Was the Champion of Hepliaklqana.
             Mangled by a salamander
             ... wielding a +3 trident
              (12 damage)
             ... on level 2 of the Snake Pit.
             The game lasted 00:27:05 (19095 turns).

BigDaddyOpFi the Tortoise (Armataur Fighter)       Turns: 19095, Time: 00:27:06

Health: -9/142     AC: 17    Str: 32    XL:     17   Next: 11%
Magic:  10/25      EV: 11    Int: 14    God:    Hepliaklqana [******]
Gold:   1551       SH: 17    Dex: 10    Spells: 16/16 levels left

rFire   . . .      SeeInvis .    y - +5 war axe (spect)
rCold   . . .      Faith    .    u - +0 tower shield
rNeg    . . .      Spirit   .    v - +3 chain mail
rPois   .          Reflect  .    (no helmet)
rElec   .          Harm     .    (no cloak)
rCorr   .          Roll     +    q - +0 pair of gloves
Will    +....                    (no barding) Stlth
                                 t - amulet of regeneration
HPRegen 1.23/turn                w - +6 ring of strength
MPRegen 0.19/turn                L - +5 ring of evasion

@: no status effects
A: reduced essence, large, rugged brown scales 3, deformed body, armoured tail,
roll, long tongue, awkward tongue, stinger 1, clever 1, subdued magic 1
a: Renounce Religion, Recall Ancestor, Ancestor Identity, Transference, Idealise


You were on level 2 of the Snake Pit.
You worshipped Hepliaklqana.
Hepliaklqana was exalted by your worship.
You visited 4 branches of the dungeon, and saw 20 of its levels.
You also visited: Sewer.

You collected 1551 gold pieces.

Inventory:

Hand Weapons
 a - a +0 heavy war axe
 y - a +5 spectral war axe (weapon)
 C - the +6 eveningstar of Tuunaonu {freeze, rN+ MP+9}
   (You found it on level 5 of the Lair of Beasts)

   rN:        It protects you from negative energy.
   MP:        It affects your magic capacity (+9).
Missiles
 i - 4 curare-tipped darts
 l - 66 poisoned darts (quivered)
 o - 5 throwing nets
Armour
 b - a +2 buckler
 q - a +0 pair of gloves (worn)
 u - a +0 tower shield (worn)
 v - a +3 chain mail (worn)
Jewellery
 n - a +6 ring of intelligence
 t - an amulet of regeneration (around neck)
 w - a +6 ring of strength (left hand)
 L - a +5 ring of evasion (right hand)
 N - a ring of see invisible
 S - a +6 ring of intelligence
Wands
 d - a wand of flame (12)
 e - a wand of digging (1)
 E - a wand of quicksilver (11)
 H - a wand of polymorph (6)
 K - a wand of charming (11)
 O - a wand of roots (5)
Scrolls
 c - 2 scrolls of magic mapping
 j - 2 scrolls of teleportation
 m - 7 scrolls of identify
 x - a scroll of amnesia
 A - 2 scrolls of silence
 B - a scroll of summoning
 F - a scroll of blinking
 J - 2 scrolls of fog
 M - 5 scrolls of noise
 Q - a scroll of brand weapon
Potions
 f - 2 potions of degeneration
 g - 5 potions of mutation
 h - 2 potions of cancellation
 k - 4 potions of attraction
 p - 6 potions of curing
 r - 4 potions of brilliance
 s - a potion of magic
 z - 3 potions of lignification
 D - 4 potions of flight
 G - 2 potions of invisibility
 I - 4 potions of ambrosia
 P - 2 potions of resistance
Miscellaneous
 R - a phantom mirror


   Skills:
 + Level 12.3 Fighting
 + Level 11.1 Axes
 - Level 6.3 Throwing
 + Level 15.7 Armour
 + Level 14.4 Shields
 + Level 11.5 Invocations
 + Level 3.0 Evocations


You had 16 spell levels left.
You didn't know any spells.
Your spell library contained the following spells:

 Spells                   Type           Power      Damage    Failure   Level
 Beastly Appendage        Tmut           0%         N/A       92%         1
 Freeze                   Ice            0%         1d3       92%         1
 Magic Dart               Conj           0%         1d3       92%         1
 Summon Small Mammal      Summ           0%         N/A       92%         1
 Call Imp                 Summ           0%         N/A       98%         2
 Ensorcelled Hibernation  Hex/Ice        0%         N/A       98%         2
 Sublimation of Blood     Necr           0%         N/A       98%         2
 Wereblood                Tmut           0%         N/A       98%         2
 Call Canine Familiar     Summ           0%         N/A       100%        3
 Frozen Ramparts          Ice            0%         1d1       100%        3
 Hailstorm                Conj/Ice       0%         3d3       100%        3
 Mephitic Cloud           Conj/Pois/Air  0%         N/A       100%        3
 Spider Form              Tmut/Pois      0%         N/A       100%        3
 Summon Guardian Golem    Hex/Summ       0%         N/A       100%        3
 Animate Armour           Summ/Erth      0%         N/A       100%        4
 Ice Form                 Ice/Tmut       0%         N/A       100%        4
 Manifold Assault         Tloc           0%         N/A       100%        4
 Blade Hands              Tmut           0%         N/A       100%        5
 Dispersal                Tloc           0%         N/A       100%        6
 Iron Shot                Conj/Erth      0%         9d1       100%        6
 Simulacrum               Ice/Necr       0%         N/A       100%        6
 Summon Hydra             Summ           0%         N/A       100%        7
 Disjunction              Tloc           0%         N/A       100%        8


Dungeon Overview and Level Annotations

Branches:
Dungeon (12/15)            Temple (1/1) D:6            Lair (5/5) D:8
  Swamp (0/4) Lair:3        Snake (2/4) Lair:2        Slime (0/5) Lair:4
  Sewer (visited)
    Orc: D:9-12

Altars:
Ashenzari
Cheibriados
Dithmenos
Elyvilon
Fedhas
Gozag
Hepliaklqana
Kikubaaqudgha
Makhleb
Nemelex Xobeh
Okawaru
Qazlal
Ru
Sif Muna
Trog
Uskayaw
Vehumet
Wu Jian
Xom
Yredelemnul
Zin
The Shining One
Jiyva

Shops:
D:1 =   D:2 ?

Annotations:
D:5 1 transporter


Innate Abilities, Weirdness & Mutations

Your life essence is reduced to manifest your ancestor. (-10% HP)
You are completely covered in rugged brown scales. (AC +3, +7% HP)
Armour fits poorly on your strangely shaped body.
You have a long armoured tail.
You roll when moving toward enemies. (Rampage)
Your long tongue fully drains potion bottles. (2x potion effects)
Your tongue gives you trouble enunciating. (1.5x scroll delay)
Your tail ends in a venomous barb.
Your mind is acute. (Int +4, Str/Dex -1)
Your spells are a little easier to cast, but a little less powerful.


Message History

The salamander seems to speed up.
The salamander hits you from afar with a +3 trident.
You are engulfed in flames!
You slice the naga ritualist!!
You kill the naga ritualist!
The salamander hits you from afar with a +3 trident.
You are engulfed in flames!
The black mamba barely misses you.
Your Evocations skill increases to level 3!
You barely miss the black mamba.
Your tail-slap misses the black mamba.
Your +5 spectral war axe hits the black mamba!!
The black mamba closely misses your +5 spectral war axe.
The black mamba bites your +5 spectral war axe!
Your spectral weapon shares its damage with you!
The salamander hits you from afar with a +3 trident!
You are engulfed in flames!
The black mamba barely misses your +5 spectral war axe.
You block the salamander's attack.
You barely miss the black mamba.
The black mamba is heavily wounded.
Your +5 spectral war axe hits the black mamba!
You block the black mamba's attack. x2
The salamander hits you from afar with a +3 trident!
You are engulfed in flames!
You block the black mamba's attack.
The salamander hits you from afar with a +3 trident!
* * * LOW HITPOINT WARNING * * *
You are engulfed in flames!
* * * LOW HITPOINT WARNING * * *
The black mamba bites you.
* * * LOW HITPOINT WARNING * * *
The black mamba attacks as you move away!
The black mamba bites you but does no damage. x2
The black mamba attacks as you move away!
The black mamba bites you but does no damage.
The black mamba bites you!
* * * LOW HITPOINT WARNING * * *
You block the black mamba's attack.
The salamander hits you from afar with a +3 trident!
* * * LOW HITPOINT WARNING * * *
You are engulfed in flames!
You die...

..# ##.. # #..##
#. #...# ####.
#...#
......#######..##
........NN......#
###.#...N#NS@...#
#..########...#
#. ##<.# # #...#
##..# .. #...#
#.# #...# .#.#
#...# #...# #...#


You could see a salamander mystic, 2 salamanders and a black mamba (fast).

Vanquished Creatures
  A reaper (Lair:5)
  Nessos (Lair:3)
  Snorg (D:10)
  A hydra (Lair:5)
  A catoblepas (Lair:4)
  A boulder beetle (Lair:1)
  5 naga warriors
  8 death yaks (Lair:5)
  A shock serpent (Snake:2)
  A naga sharpshooter (Snake:1)
  A goliath frog (Lair:5)
  Lodul (D:10)
  A lindwurm (Lair:3)
  2 naga ritualists
  2 bog bodies (Lair:3)
  Pikel (D:8)
  3 mana vipers
  3 manticores
  3 salamanders
  5 elephants
  A cyclops (D:10)
  A naga mage (Snake:2)
  12 black mambas
  Joseph (D:7)
  14 cane toads
  A gargoyle (D:11)
  Maggie (D:6)
  Psyche (D:10)
  2 kobold demonologists
  A rime drake (Lair:2)
  8 komodo dragons
  A troll (D:11)
  36 blink frogs
  2 tyrant leeches (Lair:5)
  A dream sheep (Lair:5)
  A wraith (D:10)
  A vampire (D:12)
  A shadow (D:10)
  2 basilisks (Lair:5)
  2 wyverns
  20 yaks
  2 vampire mosquitoes (Lair:5)
  A human (Lair:5)
  Menkaure (D:5)
  2 steam dragons
  5 nagas (Snake:1)
  3 swamp worms (Lair:3)
  An acid dragon (D:11)
  10 water moccasins
  Duvessa (D:5)
  4 orc warriors
  A sky beast (D:6)
  3 ice beasts
  9 ogres
  8 wolves
  2 lemures (D:8)
  A phantom (D:5)
  13 kobold brigands
  15 bullfrogs
  2 gnoll sergeants
  5 scorpions
  4 wights (D:8)
  Dowan (D:6)
  4 howler monkeys
  4 electric eels
  4 jellies
  3 lava snakes (Lair:2)
  3 orc priests
  2 gnoll boudas
  4 hounds
  7 orc wizards
  2 iguanas
  3 hell rats (Lair:5)
  14 adders
  19 gnolls
  2 river rats (Sewer)
  A white imp (D:6)
  5 worms
  3 dart slugs
  25 orcs
  4 bats
  9 endoplasms
  5 giant cockroaches
  6 goblins
  5 hobgoblins
  6 jackals
  A quokka (D:2)
  13 ball pythons
  3 frilled lizards
  24 kobolds
  8 rats
  A spectral orc (D:6)
  A bush (Lair:5)
438 creatures vanquished.

Vanquished Creatures (collateral kills)
  A quicksilver ooze (Lair:4)
  3 hydras
  2 boulder beetles
  3 death yaks (Lair:5)
  2 naga warriors (Snake:1)
  2 shock serpents (Snake:1)
  A naga ritualist (Snake:2)
  6 mana vipers
  4 elephants
  4 black mambas
  A torpor snail (Lair:5)
  2 naga magi (Snake:1)
  8 cane toads
  2 komodo dragons
  A kobold demonologist (D:9)
  A hornet (Lair:3)
  5 blink frogs
  A tyrant leech (Lair:5)
  5 dream sheep (Lair:5)
  3 slime creatures (Lair:4)
  A basilisk (Lair:1)
  Grum (D:10)
  5 yaks
  3 vampire mosquitoes (Lair:5)
  A steam dragon (Lair:2)
  An acid dragon (D:9)
  3 water moccasins
  4 wolves (Lair:5)
  2 kobold brigands (D:8)
  3 bullfrogs
  A wight (D:8)
  A jelly (Lair:4)
  An orc priest (D:11)
  An orc wizard (D:11)
  2 hell rats (Lair:5)
  3 gnolls
  An orc (D:9)
  2 kobolds (D:8)
  2 butterflies (Lair:4)
95 creatures vanquished.

Vanquished Creatures (others)
  An electric eel (Lair:3)
  An ancestor (D:8)
  7 knights
  An orc (D:6)
  17 fungi
  78 plants
105 creatures vanquished.

Grand Total: 638 creatures vanquished

Notes
Turn   | Place    | Note
-------+----------+-------------------------------------------
     0 | D:1      | BigDaddyOpFi the Armataur Fighter began the quest for the
                  | Orb.
     0 | D:1      | Reached XP level 1. HP: 19/19 MP: 1/1
   236 | D:1      | Reached XP level 2. HP: 25/26 MP: 2/2
   446 | D:1      | Reached skill level 4 in Armour
   579 | D:1      | Found Guodak's Jewellery Shoppe.
   796 | D:1      | Found a faded altar of an unknown god.
   817 | D:1      | Reached XP level 3. HP: 33/33 MP: 3/3
  1509 | D:2      | Found Ferchywk's Magic Scroll Emporium.
  1912 | D:3      | Noticed a scorpion
  1919 | D:3      | Killed a scorpion
  1920 | D:3      | Reached XP level 4. HP: 40/40 MP: 4/4
  2521 | D:3      | Reached XP level 5. HP: 47/48 MP: 5/5
  2651 | D:4      | Found a sparkling altar of Nemelex Xobeh.
  2735 | D:4      | Reached skill level 5 in Armour
  2874 | D:4      | Found a stormy altar of Qazlal.
  2874 | D:4      | Found a glowing golden altar of the Shining One.
  2881 | D:4      | Found a shimmering altar of Xom.
  2883 | D:4      | Found a faded altar of an unknown god.
  2885 | D:4      | Found a hide-covered altar of Uskayaw.
  2945 | D:4      | Reached XP level 6. HP: 48/55 MP: 6/6
  3152 | D:5      | Entered Level 5 of the Dungeon
  3225 | D:5      | Reached skill level 5 in Shields
  3309 | D:5      | Noticed Menkaure
  3317 | D:5      | Killed Menkaure
  3318 | D:5      | Reached XP level 7. HP: 51/63 MP: 7/7
  3603 | D:5      | Found a transporter.
  3625 | D:5      | Reached skill level 6 in Armour
  3730 | D:5      | You fall into a shaft and drop 1 floor!
  3748 | D:6      | Found a sacrificial altar of Ru.
  3791 | D:6      | Noticed Maggie
  3800 | D:6      | Gained mutation: Your mind is acute. (Int +4, Str/Dex -1)
                  | [potion of mutation]
  3800 | D:6      | Gained mutation: Your spells are a little easier to cast,
                  | but a little less powerful. [potion of mutation]
  3800 | D:6      | Gained mutation: Your tail ends in a venomous barb. [potion
                  | of mutation]
  3811 | D:6      | Killed Maggie
  3812 | D:6      | Reached skill level 5 in Fighting
  3812 | D:6      | Reached XP level 8. HP: 26/72 MP: 8/8
  3913 | D:6      | Found a glowing drain.
  3922 | D:6      | Reached skill level 7 in Armour
  3950 | Sewer    | Entered a sewer
  4543 | D:6      | Found a staircase to the Ecumenical Temple.
  4553 | Temple   | Entered the Ecumenical Temple
  4604 | Temple   | Became a worshipper of Hepliaklqana the Forgotten
  4786 | D:6      | Noticed Dowan
  4788 | D:6      | Noticed Duvessa
  4791 | D:6      | Killed Dowan
  4792 | D:6      | Reached skill level 5 in Axes
  4798 | D:5      | Killed Duvessa
  4931 | D:6      | Found a basalt altar of Yredelemnul.
  5157 | D:7      | Reached XP level 9. HP: 80/80 MP: 9/9
  5189 | D:7      | Reached skill level 8 in Armour
  5207 | D:7      | Noticed Joseph
  5219 | D:7      | Killed Joseph
  5314 | D:7      | Reached skill level 9 in Armour
  5550 | D:7      | Reached * piety under Hepliaklqana
  5735 | D:7      | Found a bloodstained altar of Trog.
  5749 | D:7      | Found a shimmering blue altar of Sif Muna.
  5753 | D:7      | Got Sif Muna's Volume of Enchantment
  6021 | D:8      | Identified the +0 robe of the Burning Gods {Rampage rElec
                  | rN+}
  6035 | D:8      | Reached skill level 1 in Invocations
  6128 | D:8      | Noticed a kobold demonologist
  6136 | D:8      | Reached XP level 10. HP: 83/83 MP: 11/11
  6139 | D:8      | Noticed a sixfirhy
  6148 | D:8      | HP: 5/124 [sixfirhy[a kobold demonologist] (10)]
  6771 | D:8      | Noticed Pikel
  6780 | D:8      | Killed Pikel
  7047 | D:8      | Found a staircase to the Lair.
  7051 | D:8      | Noticed a boulder beetle
  7056 | Lair:1   | Entered Level 1 of the Lair of Beasts
  7488 | D:9      | Reached ** piety under Hepliaklqana
  8243 | D:9      | Remembered your ancestor Belessunu as a knight
  8279 | D:9      | Reached skill level 10 in Armour
  8451 | D:9      | Reached skill level 5 in Invocations
  8488 | D:9      | Found an ornate altar of the Wu Jian Council.
  8905 | D:10     | Entered Level 10 of the Dungeon
  9024 | D:10     | Noticed Lodul
  9045 | D:10     | Killed Lodul
  9046 | D:10     | Reached XP level 11. HP: 91/91 MP: 15/15
  9226 | D:10     | Reached *** piety under Hepliaklqana
  9288 | D:10     | Noticed Snorg
  9288 | D:10     | Noticed Psyche
  9301 | D:10     | Killed Snorg
  9308 | D:10     | Killed Psyche
  9349 | D:10     | Noticed Grum
  9357 | D:10     | Killed Grum
  9680 | Lair:1   | Killed a boulder beetle
  9864 | Lair:1   | Reached skill level 10 in Shields
  9872 | Lair:1   | Reached skill level 12 in Armour
  9872 | Lair:1   | Reached XP level 12. HP: 102/102 MP: 17/17
  9872 | Lair:1   | Reached XP level 13. HP: 109/109 MP: 18/18
  9873 | Lair:1   | Reached skill level 10 in Fighting
  9873 | Lair:1   | Reached skill level 13 in Armour
  9873 | Lair:1   | Reached XP level 14. HP: 118/118 MP: 18/20
  9873 | Lair:1   | Reached XP level 15. HP: 124/124 MP: 18/21
 10855 | Lair:2   | Reached **** piety under Hepliaklqana
 10998 | Lair:2   | Reached skill level 14 in Armour
 11004 | Lair:2   | Found a staircase to the Snake Pit.
 12032 | Lair:3   | Reached skill level 10 in Axes
 12104 | Lair:3   | Noticed Nessos
 12115 | Lair:3   | Killed Nessos
 12198 | Lair:3   | Paralysed by a hornet for 2 turns
 12237 | Lair:3   | Reached skill level 10 in Invocations
 12249 | Lair:3   | Reached skill level 1 in Throwing
 12379 | Lair:3   | Reached ***** piety under Hepliaklqana
 12582 | Lair:3   | Reached XP level 16. HP: 111/132 MP: 23/23
 12874 | Lair:3   | Found a staircase to the Swamp.
 13572 | Lair:4   | Found a viscous altar of Jiyva.
 13576 | Lair:4   | Found a staircase to the Slime Pits.
 13871 | Lair:5   | Entered Level 5 of the Lair of Beasts
 14281 | Lair:5   | Reached skill level 5 in Throwing
 14425 | Lair:5   | Reached skill level 15 in Armour
 14646 | Lair:5   | Identified the +1 leather armour of the Devil's Team {rF+}
 14647 | Lair:5   | Identified the +6 eveningstar of Tuunaonu {freeze, rN+
                  | MP+9}
 15179 | Lair:5   | Found a runed translucent door.
 16839 | Snake:1  | Entered Level 1 of the Snake Pit
 17177 | Snake:1  | Reached skill level 1 in Evocations
 18268 | Snake:1  | Reached ****** piety under Hepliaklqana
 18326 | Snake:1  | Reached XP level 17. HP: 110/141 MP: 16/25
 19095 | Snake:2  | HP: 3/142 [salamander/+3 trident (13)]
 19095 | Snake:2  | Mangled by a salamander

Illustrated notes

Levels and vault maps discovered:
D:1:      minmay_arrival_glassed_features, layout_basic,
          dilly_ecumenical_altar_fadedgnrine, serial_shops,
          nicolae_shop_hallway_stairs
D:2:      layout_rooms, serial_shops,
          nicolae_shop_temple_entry_statues_fountains, serial_bayou,
          serial_bayou_shore_a, serial_bayou_lagoon_a, serial_bayou_shore_b,
          serial_bayou_pond_d, serial_bayou_lake_a, serial_bayou_pond_e,
          minmay_tetromino_o2
D:3:      layout_rooms
D:4:      layout_cave_pools, chequers_temple_overflow_minitemple,
          nicolae_overflow_crystal_walls, dk_rats_in_the_wall
D:5:      layout_loops_cross, gammafunk_ghost_hive, uniq_menkaure
D:6:      layout_loops_ring, nicolae_ru_awakened_eye,
          yredelemnul_forgotten_temple_becter, minmay_temple_entry_proselytizer,
          gup_sewer_entry_glass, uniq_maggie, uniq_duvessa
D:7:      layout_loops_ring, nzn_overflow_gifts_of_might_and_magic,
          serial_rivers, chequers_serial_rivers_small_3,
          chequers_serial_rivers_micro_c, chequers_serial_rivers_small_a,
          chequers_serial_rivers_micro_b, chequers_serial_rivers_large_b,
          chequers_serial_rivers_micro_a, uniq_joseph
D:8:      layout_loops_cross, lair_entry_dummy, special_room
          [special_room_kobold], corexii_corridor_pit, uniq_pikel
D:9:      layout_basic, mainiacjoe_overflow_surrounded_room
D:10:     layout_loops_ring, uniq_lodul, uniq_psyche, uniq_snorg, uniq_grum
D:11:     layout_basic
D:12:     layout_loops_ring, kennysheep_orc_monster_closet_entryway,
          serial_shops, nicolae_square_shop, gammafunk_ghost_abyssal_escape,
          guppyfry_shop_blood
Temple:   hellmonk_temple_two_chambers
Lair:1:   layout_regular_city, serial_rivers, chequers_serial_rivers_small_b,
          chequers_serial_rivers_small_a, chequers_serial_rivers_micro_e,
          chequers_serial_rivers_micro_a, chequers_serial_rivers_small_3,
          chequers_serial_rivers_small_a, gauntlet_entry_generic,
          chequers_serial_rivers_room_b
Lair:2:   layout_small_grid, nicolae_snake_entry_warm_welcome,
          grunt_megastairs_3
Lair:3:   layout_big_grid, nicolae_swamp_entry_splash_gauntlet,
          serial_bayou_pond_b, grunt_megastairs_5, uniq_nessos
Lair:4:   layout_long_grid, slime_entry_1, nicolae_lair_time_for_slime,
          infiniplex_staircase_pool, lemuel_fruit_tree, lemuel_fruit_fields
Lair:5:   minmay_lair_end_frog_pond, layout_big_grid,
          pdpol_lair_cabin_in_the_woods
Snake:1:  layout_misc_corridors, grunt_megastairs_4, serial_bayou_shore_b
Snake:2:  layout_concentric_octagons, st_stairs_2

Skill      XL: |  1  2  3  4  5  6  7  8  9 10 11 12 13 14 15 16 17 |
---------------+----------------------------------------------------+-----
Armour         | 4 5 6 7 9 10 12 13 14 15 | 15.7
Axes           | 2 3 4 5 6 8 9 10 11 | 11.1
Fighting       | 3 4 5 6 7 9 10 11 12 | 12.3
Shields        | 4 5 6 7 8 9 11 12 13 14 | 14.4
Invocations    | 2 5 7 8 10 11 | 11.5
Throwing       | 1 6 |  6.3
Evocations     | 2 3 |  3.0

Action                     |  1- 3 |  4- 6 |  7- 9 | 10-12 | 13-15 | 16-18 || total
---------------------------+-------+-------+-------+-------+-------+-------++-------
  Melee: War axe           |   114 |   108 |   309 |   196 |   127 |   323 ||  1177
         Tailslap          |    13 |    11 |    27 |    28 |    17 |    66 ||   162
         Eveningstar       |       |       |       |       |       |     9 ||     9
  Throw: Dart              |       |       |       |       |     2 |    10 ||    12
 Invoke: Recall Ancestor   |       |       |       |     1 |       |     2 ||     3
         Ancestor Life: Kn |       |       |       |     1 |       |       ||     1
  Evoke: Wand              |       |       |       |       |     7 |       ||     7
    Use: Potion            |     1 |     1 |    14 |     5 |     2 |     8 ||    31
         Scroll            |       |     7 |     9 |     9 |       |     8 ||    33
   Stab: Distracted        |       |       |     1 |     2 |     2 |     7 ||    12
         Petrifying        |       |       |       |       |       |     1 ||     1
 Armour: Scale mail        |    60 |    14 |       |       |       |       ||    74
         Ring mail         |       |    34 |       |       |       |       ||    34
         Chain mail        |       |    10 |   195 |   111 |    46 |   110 ||   472
  Dodge: Dodged            |    46 |    40 |    84 |    53 |    31 |   102 ||   356
  Block: Buckler           |    22 |    19 |   114 |    92 |    17 |       ||   264
         Tower shield      |       |       |       |       |    54 |   277 ||   331

Table legend: (Time is in decaauts)
 A = Elapsed time spent in this place.
 B = Non-inter-level travel time spent in this place.
 C = Inter-level travel time spent in this place.
 D = Time resting spent in this place.
 E = Time spent auto-exploring this place.
 F = Levels seen in this place.
 G = Mean time per level.
                   A        B        C        D        E       F      G
               +--------+--------+--------+--------+--------+-----+--------+
         Total |  19417 |  18528 |    889 |   4844 |   9929 |  21 |  924.6 |
       Dungeon |  10771 |  10228 |    543 |   2151 |   6315 |  12 |  897.6 |
        Temple |     55 |     51 |      4 |      9 |      0 |   1 |   55.0 |
          Lair |   6139 |   5807 |    332 |   1582 |   3019 |   5 | 1227.8 |
     Snake Pit |   1924 |   1914 |     10 |   1102 |    246 |   2 |  962.0 |
         Sewer |    526 |    526 |      0 |      0 |    348 |   1 |  526.0 |
               +--------+--------+--------+--------+--------+-----+--------+

Top non-repeatable levels by time:
 Snake:1: 1765 daAuts
  Lair:2: 1627 daAuts
     D:9: 1596 daAuts
     D:8: 1568 daAuts
  Lair:5: 1333 daAuts
    D:10: 1119 daAuts
  Lair:4: 1098 daAuts
  Lair:3: 1060 daAuts
  Lair:1: 1019 daAuts
     D:1: 1005 daAuts
     D:2: 954 daAuts
     D:7: 888 daAuts
    D:11: 852 daAuts
     D:6: 781 daAuts
     D:5: 688 daAuts
